 Seeded DCSS version 0.29.1-15-g9cfb28693d (webtiles) character file.

Game seed: 16245865983455551772 (custom seed)

7 Atreus the Chopper (level 1, 5/19 HPs)
             Began as a Palentonga Berserker on Mar 9, 2023.
             Was a Follower of Trog.
             Quit the game on level 1 of the Dungeon.
             The game lasted 00:01:01 (104 turns).

Atreus the Chopper (Palentonga Berserker)            Turns: 104, Time: 00:01:01

Health: 5/19       AC: 28    Str: 26    XL:     1   Next: 83%
Magic:  1/1        EV:  3    Int:  7    God:    Trog [*.....]
Gold:   0          SH:  0    Dex:  9    Spells: 0/0 levels left

rFire   . . .      SeeInvis +   a - +0 hand axe
rCold   . . .      Faith    .   (no shield)
rNeg    + + .      Spirit   .   c - +9 plate armour of Wu Jian's Hope {rN+}
rPois   +          Reflect  .   (no helmet)
rElec   +          Harm     .   (no cloak)
rCorr   .          Rampage  .   (no gloves)
Will    .....                   e - +6 lightning scales {swift, rElec}
Stlth   ..........              (no amulet)
HPRegen 0.06/turn               d - ring of Liefeos {rPois rN+ Str+4 Slay+2}
MPRegen 0.07/turn               (no ring)

@: quick
A: large, rugged brown scales 3, see invisible, deformed body, roll 1, armoured
tail
a: Rolling Charge, Renounce Religion, Berserk


You were on level 1 of the Dungeon.
You worshipped Trog.
Trog was aware of your devotion.
You visited 1 branch of the dungeon, and saw 1 of its levels.

Inventory:

Hand Weapons
 a - a +0 hand axe (weapon)
Armour
 b - a +0 animal skin
 c - the +9 plate armour of Wu Jian's Hope (worn) {rN+}
   (You acquired it on level 1 of the Dungeon)

   rN:        It protects you from negative energy.
 e - the +6 lightning scales (worn) {swift, rElec}
   (You acquired it on level 1 of the Dungeon)

   It allows the wearer to cover ground more swiftly.
   rElec:     It insulates you from electricity.
Jewellery
 d - the ring of Liefeos (left hand) {rPois rN+ Str+4 Slay+2}
   (You acquired it on level 1 of the Dungeon)

   [ring of poison resistance]

   Str:       It affects your strength (+4).
   Slay:      It affects your accuracy & damage with ranged weapons and melee
   (+2).
   rPois:     It protects you from poison.
   rN:        It protects you from negative energy.


   Skills:
 + Level 3.1 Fighting
 + Level 3.2 Axes
 + Level 1.6 Armour
 + Level 1.6 Dodging


You couldn't memorise any spells.
You didn't know any spells.
Your spell library was empty.

Dungeon Overview and Level Annotations

Branches:
Dungeon (1/15)

Altars:


Innate Abilities, Weirdness & Mutations

You are completely covered in rugged brown scales. (AC +3, +7% HP)
You have supernaturally acute eyesight. (SInv)
Armour fits poorly on your strangely shaped body.
You can roll at nearby foes to attack.
You have a long armoured tail.


Message History

d - the ring of Liefeos (left hand) {rPois rN+ Str+4 Slay+2} A quokka comes into view.
An endoplasm comes into view.
Found a fuming brown potion.
The endoplasm quivers.
The quokka bites you but does no damage.
The quokka bites you but does no damage. x2
The quokka bites you but does no damage.
The quokka bites you but does no damage.
The endoplasm hits you but does no damage.
The quokka barely misses you.
The quokka bites you but does no damage.
The endoplasm hits you but does no damage.
The quokka twitches its whiskers.
The quokka bites you but does no damage.
The endoplasm freezes you.
You are frozen.
The quokka bites you but does no damage.
The endoplasm freezes you.
You are frozen.
The quokka bites you but does no damage.
You barely miss the endoplasm. You barely miss the quokka.
The endoplasm hits you but does no damage.
The quokka bites you but does no damage.
The endoplasm hits you but does no damage.
You hit the endoplasm. You tail-slap the endoplasm.
You kill the endoplasm!
Trog accepts your kill.
You hit the quokka but do no damage. The quokka bites you.
The quokka bites you but does no damage.
The quokka bites you but does no damage.
You hit the quokka.
The quokka is almost dead.
The quokka bites you.
* * * LOW HITPOINT WARNING * * *
You slash the quokka!
You kill the quokka!
Trog accepts your kill.
You see here a quokka corpse.
Are you sure you want to abandon this character and quit the game? (Confirm with "yes".)

## ### #. ..# #. ##.#
# #.######..####...
###.##.#............#
.........#..#@....#...
###.##...#..#.....#
#...###.##...## #...#
#..#...#...# #..##
##)##.##.... #..#.r
#..#!#....#
#.##...##.###....#
..#.... #..#.....#
#..#.....#..#....#


There were no monsters in sight!

Vanquished Creatures
  2 endoplasms (D:1)
  A goblin (D:1)
  2 quokkas (D:1)
5 creatures vanquished.

Notes
Turn   | Place    | Note
-------+----------+-------------------------------------------
     0 | D:1      | Atreus the Palentonga Berserker began the quest for the
                  | Orb.
     0 | D:1      | Reached XP level 1. HP: 19/19 MP: 1/1
    56 | D:1      | Identified 3 scrolls of acquirement
    56 | D:1      | Acquired the ring of Liefeos {rPois rN+ Str+4 Slay+2}
    61 | D:1      | Acquired the +6 lightning scales {swift, rElec}
    61 | D:1      | Found the +6 lightning scales {swift, rElec}
    65 | D:1      | Acquired the +9 plate armour of Wu Jian's Hope {rN+}
   104 | D:1      | Quit the game

Illustrated notes

Levels and vault maps discovered:
D:1:      minmay_arrival_hallway, layout_loops_corners, basic_ecumenical_altar,
          minmay_unequal

Action                   || total
-------------------------++-------
Melee: Hand axe          ||    11
       Tailslap          ||     3
       Punch             ||     1
 Abil: Rolling Charge    ||     1
  Use: Scroll            ||     3
Armor: Plate armour      ||    16
       Animal skin       ||     1
Dodge: Dodged            ||     6
